 Dungeon Sprint DCSS version 0.30.1-9-gdf580d7c3d (webtiles) character file.

Game seed: 11214600323645551277

4 Heoruswealwe the Trooper (level 1, 0/20 HPs)
             Began as a Minotaur Fighter on Sept 26, 2023.
             Slain by a scorpion (3 damage)
             ... in the Dungeon (Sprint IX: "|||||||||||||||||||||||||||||").
             The game lasted 00:00:44 (29 turns).

Heoruswealwe the Trooper (Minotaur Fighter)           Turns: 29, Time: 00:00:45

Health: 0/20       AC:  7    Str: 20    XL:     1   Next: 58%
Magic:  0/0        EV:  9    Int:  5    God:
Gold:   0          SH:  4    Dex:  9    Spells: 0/0 levels left

rFire   . . .        a - +0 trident
rCold   . . .        d - +0 buckler
rNeg    . . .        c - +0 scale mail
rPois   .            (helmet restricted)
rElec   .            (no cloak)
rCorr   .            (no gloves)
SInv    .            (no boots)
Will    .....        (no amulet) Stlth
                     (no ring)
HPRegen 0.23/turn    (no ring)
MPRegen 0.07/turn

%: no teleportation
@: no status effects
A: horns 2, retaliatory headbutt
a: no special abilities


You were in the Dungeon.
You visited 1 branch

Inventory:

Hand Weapons
 a - a +0 trident (weapon)
Armour
 c - a +0 scale mail (worn)
 d - a +0 buckler (worn)
Scrolls
 j - a scroll of blinking
Potions
 b - a potion of might
 f - a potion of heal wounds
 g - a potion of haste
 i - a potion of berserk rage


   Skills:
 + Level 4.1 Fighting
 * Level 3.7 Polearms
 + Level 4.1 Armour
 - Level 3.6 Shields


You couldn't memorise any spells.
You didn't know any spells.
Your spell library was empty.

Dungeon Overview and Level Annotations

Branches:
Dungeon (1/1)

Altars:


Innate Abilities, Weirdness & Mutations

You have a pair of horns on your head.
You reflexively headbutt those who attack you in melee.


Message History

A dart slug, a sleepcap, an orc and 2 scorpions come into view.
The orc shouts!
You hit the scorpion.
The scorpion is lightly wounded.
The scorpion stings you.
You are poisoned.
The scorpion poisons you!
You feel better. You block the scorpion's attack.
You barely miss the scorpion.
The scorpion is lightly wounded.
The scorpion stings you.
You are poisoned.
The scorpion poisons you! The scorpion completely misses you.
You closely miss the scorpion.
The scorpion is lightly wounded.
You feel very sick. The scorpion stings you.
You hit the scorpion but do no damage.
The scorpion is lightly wounded.
You feel sick.
The scorpion stings you but does no damage.
The scorpion barely misses you.
You barely miss the scorpion. Your headbutt misses the scorpion.
The scorpion is lightly wounded.
You feel sick. The scorpion stings you.
You barely miss the scorpion.
The scorpion is lightly wounded.
You feel sick.
The scorpion stings you but does no damage.
The scorpion stings you.
* * * LOW HITPOINT WARNING * * *
You puncture the scorpion!
The scorpion is heavily wounded.
You feel sick. The scorpion barely misses you.
You completely miss the scorpion.
The scorpion is heavily wounded.
You feel sick.
You are no longer poisoned.
The scorpion stings you.
You die... ▓▓▓▓▓▓▓▓▓▓▓▓▓▓▓▓▓▓ +.swfos@....).!.<▓ ▓▓▓▓▓▓▓▓▓▓▓▓▓▓▓▓▓▓

You could see a sleepcap, 2 scorpions, a dart slug and an orc.

Vanquished Creatures
  3 goblins (D)
  A bat (D)
  A rat (D)
5 creatures vanquished.

Notes
Turn   | Place    | Note
-------+----------+-------------------------------------------
     0 | D        | Heoruswealwe the Minotaur Fighter began the quest for the
                  | Orb.
     0 | D        | Reached XP level 1. HP: 19/19 MP: 0/0
    20 | D        | Noticed a scorpion
    20 | D        | Noticed a sleepcap
    20 | D        | Noticed a scorpion
    29 | D        | Slain by a scorpion

Illustrated notes

Levels and vault maps discovered:
D:        linesprint [early_d, line_temple, items_1, d_10, items_2, lair_1,
          lair_end, items_3, orc_1, orc_end, items_4, d_15, swamp_1, shoals_1,
          snake_1, spider_1, d_20, vaults_1, items_5, swamp_end, shoals_end,
          snake_end, spider_end, vaults_end, d_27, items_6, zot_1, zot_end,
          crypt_end, forest_end, elf_end, slime_end, tomb_end, abyss_end,
          pan_hell_end]

Skill      XL: |  1 |
---------------+----+-----
Polearms       | 3 |  3.7
Fighting       | 4 |  4.1
Armour         | 4 |  4.1
Shields        | |  3.6

Action                     || total
---------------------------++-------
  Melee: Trident           ||    15
         Headbutt          ||     1
    Use: Potion            ||     1
 Armour: Scale mail        ||     6
  Dodge: Dodged            ||     4
  Block: Buckler           ||     1
